Map: Acid Plant LE

Players

ozz - Winner!

  • Race: Terran Terran
  • League: Master
  • Spawn Location: 5:00

Plasmid

  • Race: Zerg Zerg
  • League: Diamond
  • Spawn Location: 11:00

VOD

Have the link to the VOD?

Description

ZvT (loss) poor gas management & suffered early game losses

Time

  • Played on: April 22, 2018, 4:53 p.m.
  • Length: 15:38
Show
View Real Time Build Order
Export as new Build Order

ozz Terran - Winner!

Build Orders: Reaper Expand, MMM Bio 

Get SALT Encoding   

  12  0:00  SCV  
  13  0:13  SCV  
  14  0:17  Supply Depot  
  14  0:25  SCV  
  15  0:39  SCV  
  15  0:40  Barracks  
  16  0:44  Refinery  
  16  0:51  SCV  
  17  1:03  SCV  
  18  1:15  SCV  
  19  1:28  Orbital Command  
  19  1:29  Reaper  
  20  1:39  Command Center  
  20  1:50  Barracks  
  20  1:54  SCV  
  20  2:01  Barracks Reactor  
  21  2:03  Supply Depot  
  21  2:07  SCV  
  22  2:19  SCV  
  23  2:25  Factory  
  23  2:26  Refinery  
  23  2:31  SCV  
  24  2:43  SCV  
  25  2:49  Marine x2  
  25  2:50  Barracks Tech Lab  
  27  2:55  SCV  
  29  3:02  Orbital Command  
  28  3:07  SCV  
  28  3:08  Marine x2  
  28  3:09  Marine  
  28  3:10  Stimpack  
  32  3:19  SCV  
  33  3:26  Marine x2  
  33  3:27  Marine  
  35  3:30  Starport  
  35  3:31  SCV, Factory Reactor  
  35  3:34  SCV  
  38  3:43  SCV  
  38  3:46  SCV, Supply Depot  
  40  3:50  Marine x3  
  43  3:56  SCV  
  43  3:57  Supply Depot  
  43  3:58  SCV  
  45  4:12  Marine  
  45  4:13  Marine  
  45  4:15  Marine, Medivac x2  
  52  4:19  SCV x2  
  54  4:26  Command Center  
  54  4:31  Marine x2  
  54  4:32  Marine  
  57  4:41  Engineering Bay  
  57  4:43  SCV, Engineering Bay  
  59  4:45  SCV  
  59  4:51  Widow Mine  
  61  4:55  SCV  
  61  4:57  Medivac, SCV  
  61  4:59  Supply Depot  
  65  5:00  Marine  
  65  5:02  Marine  
  67  5:09  Marine  
  67  5:10  Combat Shields  
  67  5:13  Terran Infantry Weapons Level 1  
  68  5:17  Refinery  
  68  5:21  SCV  
  69  5:23  Refinery  
  69  5:24  Marine x2  
  71  5:30  Terran Infantry Armor Level 1  
  71  5:32  SCV  
  71  5:33  SCV  
  72  5:45  Marine  
  72  5:46  Marine x2  
  70  5:55  Barracks x2  
  70  5:57  Barracks  
  70  6:00  SCV x2  
  70  6:01  Orbital Command  
  72  6:08  Bunker  
  72  6:10  Marine x3  
  74  6:20  Armory  
  74  6:25  Medivac x2  
  78  6:28  Marine x3  
  81  6:35  Factory Reactor  
  81  6:40  Factory Tech Lab  
  81  6:46  Marine x3  
  80  6:49  Barracks Reactor x3  
  80  6:56  Factory  
  75  7:03  Marine  
  75  7:04  Marine, Siege Tank, Marauder  
  75  7:05  SCV x2  
  75  7:06  SCV  
  85  7:12  Supply Depot  
  85  7:14  Terran Infantry Weapons Level 2  
  85  7:17  SCV  
  85  7:18  SCV x2  
  88  7:27  Marine x4  
  88  7:28  Marine  
  93  7:31  Terran Infantry Armor Level 2  
  93  7:34  Marine x4, SCV x3  
  100  7:41  Supply Depot  
  100  7:42  Factory Tech Lab  
  100  7:44  Concussive Shells  
  100  7:46  SCV x3  
  103  7:52  Marine x4, Marauder  
  109  8:02  Marine x2  
  111  8:10  Supply Depot  
  111  8:13  SCV  
  111  8:14  SCV, Supply Depot  
  111  8:16  SCV  
  114  8:22  Supply Depot  
  114  8:23  Barracks  
  114  8:24  Supply Depot  
  114  8:25  Siege Tank  
  114  8:26  Barracks x2  
  117  8:32  Siege Tank  
  103  8:43  Marine x6  
  103  8:44  Marauder  
  105  8:50  Barracks x2  
  105  8:51  Command Center  
  105  8:52  Barracks  
  105  8:54  Marine  
  105  8:55  Liberator x2  
  105  8:58  Siege Tank  
  108  9:04  Siege Tank  
  108  9:07  Marine x7, Marauder  
  120  9:14  Terran Vehicle Weapons Level 1  
  126  9:19  Barracks Tech Lab  
  126  9:20  Barracks Tech Lab  
  126  9:25  Barracks Tech Lab  
  126  9:27  Marine x7  
  126  9:30  Siege Tank  
  136  9:37  Barracks Tech Lab x2  
  136  9:41  Ghost Academy  
  136  9:42  Barracks Tech Lab, Supply Depot  
  136  9:43  Marauder  
  136  9:44  Marauder x2, Supply Depot  
  142  9:46  SCV  
  142  9:52  Refinery x2  
  143  9:58  Siege Tank  
  146  10:03  Supply Depot  
  146  10:04  Supply Depot  
  146  10:10  Marauder x4  
  146  10:11  Marauder  
  146  10:13  Marauder  
  143  10:33  Marine  
  143  10:34  Marine x4  
  163  10:45  Terran Infantry Weapons Level 3  
  163  10:49  Marine x7  
  150  10:50  Marine x3  
  150  10:56  SCV  
  161  10:57  SCV x2  
  161  11:02  Marine x5  
  166  11:07  Marine x4  
  166  11:09  SCV x3  
  173  11:21  SCV x3  
  176  11:30  Command Center  
  175  11:33  SCV x3  
  175  11:35  Terran Infantry Armor Level 3  
  178  11:40  Siege Tank  
  178  11:42  Command Center  
  181  12:10  SCV  
  181  12:11  SCV  
  181  12:12  SCV, Marine  
  181  12:13  Marine  
  181  12:14  Marine x2  
  181  12:15  Marine x4  
  181  12:16  Marauder x2  
  181  12:17  Marine  
  181  12:18  Marine x2  
  181  12:19  Marauder x2  
  181  12:20  Siege Tank  
  174  12:30  Marine  
  174  12:31  Marine x3  
  174  12:32  Marine  
  174  12:33  Marine x2  
  181  12:41  Marine x3, Medivac x2  
  181  12:42  Marauder x2  
  181  12:43  Supply Depot  
  192  12:44  Supply Depot  
  192  12:47  Starport  
  192  12:49  Fusion Core  
  192  13:00  Personal Cloaking  
  192  13:06  Engineering Bay  
  192  13:10  Siege Tank  
  192  13:11  Marine  
  192  13:12  Marine x7  
  199  13:16  Terran Vehicle Weapons Level 2  
  199  13:30  Starport Tech Lab  
  199  13:32  Supply Depot  
  199  13:33  Hi-Sec Auto Tracking  
  199  13:38  Planetary Fortress  
  199  13:42  Planetary Fortress  
  199  13:45  Sensor Tower  
  199  13:53  Refinery  
  199  13:56  Refinery  
  199  14:08  Sensor Tower  
  190  14:47  Marine  
  190  14:48  Marine x6  
  176  15:02  Marauder x2  
  165  15:15  Marine  
Show
View Real Time Build Order
Export as new Build Order

Plasmid Zerg 

Build Orders: Hatch First 

Get SALT Encoding   

  12  0:01  Drone  
  13  0:13  Overlord  
  13  0:17  Drone  
  14  0:32  Drone x2  
  16  0:36  Drone  
  17  0:46  Drone  
  18  0:57  Hatchery  
  18  1:01  Extractor  
  18  1:02  Drone  
  17  1:08  Drone  
  18  1:20  Spawning Pool  
  18  1:22  Drone  
  18  1:29  Drone  
  20  1:40  Drone  
  20  1:50  Overlord  
  20  2:13  Zergling x4  
  20  2:14  Queen  
  20  2:15  Queen  
  26  2:16  Drone  
  26  2:21  Drone, Metabolic Boost  
  28  2:32  Spore Crawler  
  27  2:38  Spore Crawler  
  27  2:43  Hatchery  
  25  2:56  Queen x2  
  25  2:57  Overlord  
  30  3:08  Drone x4  
  30  3:11  Drone  
  35  3:14  Drone  
  36  3:24  Drone x4  
  40  3:37  Overlord x3  
  40  4:00  Drone x2  
  40  4:01  Drone x11  
  53  4:06  Queen  
  55  4:10  Overlord  
  55  4:23  Extractor  
  54  4:27  Zergling x4  
  54  4:28  Zergling x8, Baneling Nest  
  59  4:33  Queen  
  59  4:35  Zergling x6  
  64  4:44  Zergling x2  
  64  4:45  Zergling x2  
  66  4:46  Overlord x3  
  66  5:04  Drone x2  
  66  5:05  Drone  
  66  5:06  Drone x6  
  66  5:07  Drone, Lair  
  76  5:11  Extractor  
  75  5:17  Baneling x5  
  75  5:18  Baneling  
  75  5:24  Zergling x8  
  75  5:25  Zergling x6  
  77  5:50  Overlord x2  
  77  5:51  Overlord x5  
  77  5:54  Extractor  
  76  6:01  Evolution Chamber  
  76  6:02  Evolution Chamber  
  74  6:14  Hatchery  
  74  6:16  Centrifical Hooks  
  74  6:17  Hydralisk Den  
  74  6:18  Zergling x2  
  73  6:19  Zergling x18  
  73  6:23  Drone x3  
  73  6:24  Drone x3  
  76  7:11  Drone  
  76  7:12  Drone x11  
  76  7:13  Drone x3  
  91  7:16  Drone x2  
  91  7:17  Drone  
  91  7:18  Overseer  
  94  7:23  Hydralisk x5, Muscular Augments  
  104  7:39  Zerg Melee Weapons Level 1, Zerg Ground Armor Level 1  
  104  7:43  Queen  
  104  7:44  Queen x2  
  106  7:50  Drone x5  
  106  7:51  Drone x2  
  117  7:52  Extractor  
  116  8:02  Zergling x8  
  116  8:03  Zergling x8  
  124  8:07  Baneling x3  
  124  8:08  Baneling x5  
  124  8:13  Overseer  
  124  8:27  Hydralisk x5  
  124  8:28  Hydralisk  
  124  8:29  Overlord  
  124  8:30  Overlord x2  
  123  8:55  Drone  
  123  8:56  Drone  
  123  8:57  Queen  
  123  8:59  Hydralisk x6  
  123  9:00  Hydralisk  
  123  9:01  Zergling x2  
  123  9:02  Zergling x8  
  146  9:07  Grooved Spines  
  146  9:10  Infestation Pit  
  146  9:16  Spore Crawler  
  144  9:17  Spine Crawler  
  144  9:20  Drone, Spore Crawler  
  144  9:21  Drone  
  144  9:22  Drone, Spine Crawler  
  144  9:24  Spine Crawler  
  144  9:26  Spore Crawler  
  144  9:27  Drone x5  
  144  9:28  Spine Crawler  
  146  9:36  Hydralisk  
  146  9:37  Hydralisk x3  
  154  9:39  Zergling x6  
  154  9:40  Zergling x4  
  159  9:47  Hive  
  159  9:51  Overlord x3  
  159  9:52  Overlord x2  
  159  9:54  Baneling x5  
  159  9:55  Baneling x7  
  159  9:56  Baneling  
  159  9:57  Baneling  
  111  10:36  Zergling x12  
  111  10:37  Zergling x22  
  111  10:38  Zergling x10  
  133  10:54  Zerg Ground Armor Level 2, Zerg Melee Weapons Level 2  
  133  11:05  Burrow  
  133  11:12  Extractor  
  133  11:15  Pathogen Glands  
  133  11:16  Overlord  
  133  11:17  Zergling x2  
  133  11:18  Zergling x16  
  137  11:19  Zergling x14  
  137  11:20  Hatchery  
  147  11:40  Zergling x2, Hydralisk x3  
  147  11:41  Zergling x10, Hydralisk  
  147  11:42  Zergling x2  
  147  11:44  Baneling  
  147  11:45  Baneling x7  
  147  11:46  Baneling x6  
  162  11:51  Adrenal Glands  
  162  11:52  Extractor, Ultralisk Cavern  
  160  11:56  Overseer  
  160  11:57  Extractor  
  160  11:58  Zergling x14  
  160  12:00  Baneling x2  
  160  12:01  Baneling x3  
  151  12:22  Zergling x2  
  115  12:23  Zergling x12  
  115  12:24  Zergling x10  
  124  12:33  Viper x2  
  128  12:53  Viper  
  128  12:57  Overseer  
  134  12:59  Zergling x2  
  134  13:00  Zergling x14  
  134  13:04  Baneling  
  134  13:05  Baneling x7  
  142  13:09  Hatchery  
  138  13:16  Chitinous Plating  
  138  13:18  Zergling x2  
  138  13:19  Zergling x8  
  143  13:26  Baneling x2  
  143  13:27  Baneling x12  
  143  13:28  Baneling x2  
  143  13:50  Overlord x5  
  143  13:58  Viper  
  146  14:16  Ultralisk  
Tags
 
Add a new tag
Caveats
  • Supply blocks, unpowered buildings, or Contaminate may cause inaccurate times.
  • Supply counts are checked every 10 seconds.